 Dungeon Crawl Stone Soup version 0.22-a0-617-g6d95e9e (webtiles) character file.

58 sking99 the Cudgeler (level 4, -3/40 HPs)
             Began as a Naga Warper on July 13, 2018.
             Slain by a hobgoblin
             ... wielding a +0 whip
              (6 damage)
             ... on level 2 of the Dungeon.
             The game lasted 00:03:46 (1752 turns).

sking99 the Cudgeler (Naga Warper)                  Turns: 1752, Time: 00:03:47

Health: -3/40      AC:  2    Str: 15    XL:     4   Next: 2%
Magic:  2/7        EV:  9    Int: 13    God:
Gold:   68         SH:  0    Dex: 10    Spells: 3/7 levels left

rFire    . . .     SeeInvis +   a - +0 mace
rCold    . . .     Gourm    .   (no shield)
rNeg     . . .     Faith    .   b - +0 leather armour
rPois    +         Spirit   .   (no helmet)
rElec    .         Reflect  .   (no cloak)
rCorr    .         Harm     .   (no gloves)
MR       .....                  (no barding)
Stlth    +.........             (no amulet)
HPRegen  0.13/turn              (no ring)
MPRegen  0.10/turn              (no ring)

@: very slow
A: large, see invisible, deformed body, poison resistance, slowness 2, slow
metabolism 1, spit poison 1, AC +1
a: Spit Poison


You were on level 2 of the Dungeon.
You were hungry.

You visited 1 branch of the dungeon, and saw 2 of its levels.

You collected 68 gold pieces.

Inventory:

Hand Weapons
 a - a +0 mace (weapon)
Missiles
 e - 5 tomahawks of dispersal (quivered)
Armour
 b - a +0 leather armour (worn)
Scrolls
 c - 2 scrolls of teleportation {unknown}
 d - 2 scrolls of blinking
 h - 2 scrolls of fear {unknown}
 k - a scroll of fog {unknown}
 m - 4 scrolls of identify {unknown}
 o - a scroll of enchant armour {unknown}
 p - a scroll of remove curse {unknown}
Potions
 g - 2 potions of lignification {unknown}
 i - 3 potions of curing {unknown}
 j - a potion of might {unknown}
 l - a potion of resistance {unknown}
Comestibles
 f - a ration


   Skills:
 + Level 2.8 Fighting
 * Level 3.6 Maces & Flails
 - Level 0.8 Throwing
 - Level 0.7 Armour
 - Level 1.5 Dodging
 - Level 2.0 Spellcasting
 - Level 3.0 Translocations


You had 3 spell levels left.
You knew the following spells:

 Your Spells              Type           Power        Failure   Level  Hunger
a - Blink                 Tloc           N/A          14%         2    ###....
b - Shroud of Golubria    Chrm/Tloc      #.........   26%         2    ###....

Your spell library contained the following spells:

 Spells                   Type           Power        Failure   Level  Hunger
 Teleport Other           Tloc           #.......     26%         3    ####...
 Passage of Golubria      Tloc           N/A          65%         4    #####..
 Gell's Gravitas          Tloc           #.........   26%         3    ####...
 Lesser Beckoning         Tloc           #.........   26%         3    ####...


Dungeon Overview and Level Annotations

Branches:
Dungeon (2/15)

Altars:
Okawaru


Innate Abilities, Weirdness & Mutations

You cannot wear boots.
Your serpentine skin is tough. (AC +1)
You have supernaturally acute eyesight. (SInv)
Armour fits poorly on your strangely shaped body.
Your system is resistant to poisons. (rPois)
You cover ground very slowly.
You have a slow metabolism.
You can spit poison.


Message History

Press: ? - help, Shift-Dir - straight line, f - frilled lizard
Aim: a frilled lizard The splash of poison hits the frilled lizard.
The frilled lizard is poisoned.
You kill the frilled lizard!
You have reached level 4!
You feel stronger.
You feel slightly more hungry.
You hit the hobgoblin.
You kill the hobgoblin!
You hit the hobgoblin but do no damage. The hobgoblin hits you with a whip.
* * * LOW HITPOINT WARNING * * *
You hit the hobgoblin.
The hobgoblin is almost dead.
You have got your breath back.
The hobgoblin closely misses you.
You closely miss the hobgoblin.
The hobgoblin is almost dead.
The hobgoblin hits you with a whip.
You die...

#.# #.# #.#
#.#
#####..#.#
.......#.#
...)...#.#
.....#.#@#
.......#g####
........l...#
............#
............#
.....###....#
..... #..#.#
.### ....
#..#.# ....
..
#..#.#.......


You could see a hobgoblin and a frilled lizard.

Vanquished Creatures
  An adder (D:2)
  An ooze (D:1)
  2 dart slugs (D:1)
  3 leopard geckos (D:1)
  A ball python (D:1)
  A giant cockroach (D:1)
  6 goblins
  4 hobgoblins
  7 jackals
  5 bats (D:1)
  2 frilled lizards
  2 rats (D:1)
35 creatures vanquished.

Notes
Turn   | Place    | Note
-------+----------+-------------------------------------------
     0 | D:1      | sking99 the Naga Warper began the quest for the Orb.
     0 | D:1      | Reached XP level 1. HP: 19/19 MP: 3/3
    33 | D:1      | Reached XP level 2. HP: 20/26 MP: 5/5
   154 | D:1      | Learned a level 2 spell: Blink
   157 | D:1      | Learned a level 2 spell: Shroud of Golubria
   499 | D:1      | Reached XP level 3. HP: 31/33 MP: 6/6
  1614 | D:2      | Found an iron altar of Okawaru.
  1748 | D:2      | Reached XP level 4. HP: 4/40 MP: 1/7
  1752 | D:2      | Slain by a hobgoblin

Vault maps used:
D:1:      lightli_arrival_farm, serial_forest, infiniplex_forest_straight_3,
          infiniplex_forest_diagonal, infiniplex_forest_clump_small,
          infiniplex_forest_end_2, infiniplex_forest_end_3,
          infiniplex_forest_corner_1, infiniplex_forest_end_2,
          infiniplex_forest_lined_ring, infiniplex_forest_lined_3
D:2:      nicolae_overflow_crystal_walls, uniq_natasha

Skill      XL: |  1  2 |
---------------+-------+-----
Maces & Flails | 3 |  3.6
Fighting       | |  2.8
Throwing       | |  0.8
Armour         | |  0.7
Dodging        | |  1.5
Spellcasting   | |  2.0
Translocations | |  3.0

Action                   |  1- 3 |  4- 6 || total
-------------------------+-------+-------++-------
Melee: Mace              |   109 |     4 ||   113
 Cast: Shroud of Golubri |     5 |       ||     5
 Abil: Spit Poison       |     7 |     1 ||     8
  Eat: Chunk             |     2 |       ||     2
Armor: Leather armour    |    30 |       ||    30
Dodge: Dodged            |    72 |     1 ||    73

Table legend:
 A = Spawn XP
 B = Non-spawn XP
 C = Spawn XP percentage of total XP
 D = Spawn monster count
 E = Non-spawn monster count
 F = Spawn count percentage of total count
 G = Total turns spent on level
                    A         B        C        D         E        F      G
               +---------+---------+-------+---------+---------+-------+---------
         Total |       0 |      84 |   0.0 |       0 |      35 |   0.0 |  1752
               +---------+---------+-------+---------+---------+-------+---------
           D:1 |       0 |      56 |   0.0 |       0 |      26 |   0.0 |  1567
           D:2 |       0 |      28 |   0.0 |       0 |       9 |   0.0 |   185
               +---------+---------+-------+---------+---------+-------+---------
